12 | 0:00 | SCV | |
13 | 0:12 | SCV | |
14 | 0:17 | Supply Depot | |
14 | 0:24 | SCV | |
15 | 0:38 | SCV | |
15 | 0:39 | Barracks | |
16 | 0:43 | Refinery | |
16 | 0:50 | SCV | |
17 | 1:02 | SCV | |
18 | 1:15 | SCV | |
19 | 1:28 | Orbital Command, Reaper | |
20 | 1:40 | Command Center | |
20 | 1:49 | Supply Depot | |
20 | 1:54 | SCV | |
20 | 1:59 | Marine | |
22 | 2:06 | SCV | |
23 | 2:10 | Factory | |
23 | 2:16 | Refinery | |
23 | 2:18 | SCV | |
24 | 2:23 | Barracks Reactor | |
24 | 2:30 | SCV | |
25 | 2:42 | SCV | |
26 | 2:55 | SCV | |
26 | 2:57 | Starport, Orbital Command | |
26 | 2:59 | Marine x2 | |
26 | 3:02 | Factory Tech Lab | |
28 | 3:07 | SCV | |
29 | 3:16 | Marine x2 | |
29 | 3:19 | SCV | |
32 | 3:23 | SCV | |
33 | 3:31 | SCV | |
33 | 3:33 | Barracks | |
34 | 3:34 | Marine x2 | |
34 | 3:35 | SCV, Barracks | |
34 | 3:39 | Factory Tech Lab | |
34 | 3:40 | Raven | |
39 | 3:43 | SCV | |
39 | 3:47 | Supply Depot, SCV | |
41 | 3:52 | Marine x2 | |
41 | 3:55 | SCV | |
43 | 3:59 | SCV | |
44 | 4:07 | SCV | |
44 | 4:11 | SCV | |
44 | 4:14 | Marine x2 | |
47 | 4:17 | Engineering Bay | |
47 | 4:19 | SCV | |
47 | 4:22 | Refinery | |
47 | 4:23 | SCV | |
49 | 4:31 | Bunker, SCV | |
49 | 4:33 | Stimpack | |
49 | 4:34 | Supply Depot | |
49 | 4:35 | SCV | |
49 | 4:36 | Marauder, Starport Reactor | |
53 | 4:43 | SCV | |
53 | 4:44 | Terran Infantry Weapons Level 1 | |
53 | 4:45 | Supply Depot | |
54 | 4:52 | Supply Depot | |
54 | 4:56 | Marauder, SCV x2, Marine x2 | |
60 | 5:00 | Barracks | |
60 | 5:05 | Marauder | |
62 | 5:11 | Factory Reactor | |
62 | 5:14 | Barracks | |
62 | 5:15 | Supply Depot | |
62 | 5:18 | Medivac x2 | |
62 | 5:19 | SCV | |
67 | 5:22 | SCV | |
68 | 5:29 | Marine x2 | |
68 | 5:30 | Marauder x2 | |
68 | 5:32 | Combat Shield | |
74 | 5:37 | SCV x2 | |
74 | 5:38 | Supply Depot | |
76 | 5:43 | Refinery | |
76 | 5:47 | Marine x2 | |
76 | 5:49 | SCV x2 | |
80 | 5:54 | Medivac | |
82 | 5:57 | Medivac | |
82 | 6:01 | Marine x2 | |
82 | 6:02 | Marauder, Barracks Tech Lab | |
88 | 6:06 | Supply Depot | |
88 | 6:11 | Marine x3 | |
88 | 6:14 | Factory Reactor | |
91 | 6:22 | SCV x2 | |
91 | 6:24 | Marine | |
94 | 6:25 | Factory Tech Lab | |
94 | 6:27 | Marine | |
94 | 6:28 | Marauder | |
94 | 6:31 | Supply Depot | |
96 | 6:35 | Supply Depot | |
96 | 6:38 | Command Center | |
95 | 6:41 | SCV | |
95 | 6:45 | Marine | |
95 | 6:46 | Marauder x2, Marine x2 | |
95 | 6:51 | Siege Tank | |
90 | 6:59 | SCV | |
90 | 7:00 | Marauder | |
91 | 7:03 | Marine x2 | |
91 | 7:05 | SCV | |
91 | 7:07 | Terran Infantry Armor Level 1 | |
91 | 7:08 | Marauder | |
96 | 7:11 | SCV | |
96 | 7:13 | Marine x3 | |
100 | 7:18 | SCV | |
100 | 7:21 | Marauder | |
103 | 7:23 | SCV | |
103 | 7:28 | Siege Tank | |
103 | 7:29 | Marine x2 | |
91 | 7:30 | Marauder, SCV | |
91 | 7:35 | SCV | |
96 | 7:41 | Medivac x2 | |
96 | 7:42 | SCV | |
101 | 7:47 | SCV | |
101 | 7:50 | Marine x2 | |
101 | 7:51 | Marauder, Marine x3 | |
108 | 7:57 | Orbital Command | |
108 | 8:01 | Liberator x2 | |
108 | 8:02 | SCV | |
108 | 8:03 | SCV | |
100 | 8:05 | Marine | |
100 | 8:08 | Marine | |
100 | 8:10 | Marauder, Siege Tank | |
109 | 8:13 | Marauder | |
109 | 8:16 | Supply Depot | |
115 | 8:20 | Marine x2 | |
115 | 8:25 | Marauder, Marine | |
120 | 8:30 | Factory | |
120 | 8:31 | Supply Depot | |
120 | 8:34 | Marine | |
120 | 8:38 | Marine x2 | |
120 | 8:39 | Supply Depot | |
120 | 8:40 | Refinery x2, SCV x3 | |
126 | 8:42 | Siege Tank | |
126 | 8:43 | Marine | |
129 | 8:52 | SCV | |
129 | 8:53 | SCV x2 | |
131 | 9:02 | Marine | |
128 | 9:03 | Marauder x2, Marine x2 | |
128 | 9:04 | Marine | |
128 | 9:05 | Marauder | |
128 | 9:07 | SCV x2 | |
128 | 9:09 | SCV | |
141 | 9:12 | Missile Turret | |
141 | 9:13 | Armory, Engineering Bay | |
141 | 9:14 | Siege Tank | |
144 | 9:19 | Factory Tech Lab | |
144 | 9:20 | SCV x2, Marine x2 | |
145 | 9:24 | Sensor Tower | |
145 | 9:27 | Marine x3 | |
145 | 9:28 | Marauder x2 | |
151 | 9:38 | Concussive Shells, Marine x2 | |
145 | 9:45 | Marine x2 | |
149 | 9:46 | Marauder | |
149 | 9:49 | Marauder x2 | |
149 | 9:50 | Command Center | |
149 | 9:52 | Siege Tank | |
158 | 9:56 | Marine x2 | |
157 | 10:03 | Marine x2 | |
159 | 10:07 | Marauder | |
159 | 10:10 | Marauder, Marine | |
159 | 10:14 | Marine x2 | |
164 | 10:20 | Terran Infantry Weapons Level 2 | |
165 | 10:22 | Supply Depot | |
165 | 10:24 | Terran Infantry Armor Level 2 | |
165 | 10:28 | Marine | |
165 | 10:35 | Terran Vehicle Weapons Level 1 | |
165 | 10:43 | Marauder, Siege Tank, Marine x2 | |
172 | 10:50 | Medivac | |
172 | 10:51 | Marauder x2 | |
172 | 10:55 | Marine | |
172 | 10:56 | Medivac | |
164 | 10:59 | Supply Depot | |
164 | 11:00 | Supply Depot, Marine | |
164 | 11:01 | Marine | |
166 | 11:05 | Marauder | |
166 | 11:06 | Supply Depot | |
166 | 11:09 | Marine | |
166 | 11:11 | Barracks | |
169 | 11:12 | Marauder x2, Barracks | |
169 | 11:14 | Marine, Barracks | |
169 | 11:18 | Marine | |
174 | 11:20 | Medivac | |
174 | 11:26 | Marauder, Medivac | |
174 | 11:28 | Planetary Fortress | |
178 | 11:33 | Marine x3 | |
178 | 11:34 | Marauder x2 | |
178 | 11:37 | SCV x3 | |
187 | 11:41 | Siege Tank | |
187 | 11:43 | Marine | |
191 | 11:48 | Marauder | |
191 | 11:51 | Marine x3 | |
196 | 11:55 | Marauder x2 | |
196 | 12:12 | Missile Turret | |
180 | 12:16 | Missile Turret | |
180 | 12:22 | Marine x2 | |
165 | 12:23 | Marauder | |
165 | 12:24 | Siege Tank | |
165 | 12:29 | Marauder, Marine x2 | |
173 | 12:30 | Siege Tank | |
173 | 12:31 | Marine | |
173 | 12:32 | Marauder | |
170 | 12:39 | Terran Infantry Weapons Level 3 | |
170 | 12:40 | Marine x3 | |
175 | 12:44 | Marauder | |
175 | 12:46 | Refinery x2 | |
175 | 12:49 | Command Center | |
175 | 12:51 | Sensor Tower | |
175 | 12:55 | Marauder, Marine x2 | |
175 | 12:56 | Siege Tank | |
175 | 12:57 | Terran Infantry Armor Level 3 | |
179 | 13:01 | Terran Vehicle Weapons Level 2 | |
179 | 13:02 | Siege Tank | |
179 | 13:05 | Marauder | |
177 | 13:14 | Marine | |
177 | 13:15 | Marauder | |
177 | 13:17 | Marine | |
177 | 13:18 | Marauder | |
168 | 13:20 | Marine | |
168 | 13:26 | Marine | |
168 | 13:27 | Marauder, Marine x3 | |
152 | 13:30 | Siege Tank | |
152 | 13:32 | Marine | |
147 | 13:35 | Marine | |
147 | 13:36 | Marauder | |
147 | 13:38 | Marine | |
147 | 13:39 | Marauder | |
142 | 13:44 | Starport, Fusion Core, Marine x2 | |
142 | 13:48 | Marauder, Factory Reactor | |
146 | 13:49 | Marine x2 | |
148 | 13:57 | Marine x3 | |
148 | 13:58 | Marauder | |
148 | 14:01 | Marauder | |
148 | 14:02 | Marine | |
156 | 14:05 | Marine | |
156 | 14:09 | Marine | |
160 | 14:10 | Marauder | |
160 | 14:14 | Liberator, Marine | |
152 | 14:19 | Marauder | |
152 | 14:21 | Medivac | |
152 | 14:22 | Marauder, Medivac | |
152 | 14:24 | Marine x2 | |
143 | 14:31 | Marauder, Advanced Ballistics | |
143 | 14:36 | Marine x2 | |
147 | 14:38 | Barracks Tech Lab | |
147 | 14:40 | Barracks Tech Lab, Barracks Reactor | |
147 | 14:41 | Marauder, SCV | |
147 | 14:42 | SCV x2 | |
147 | 14:43 | Marauder | |
153 | 14:48 | Planetary Fortress | |
155 | 14:53 | Marauder | |
155 | 14:58 | Ghost Academy | |
155 | 14:59 | Liberator | |
155 | 15:02 | Marauder | |
155 | 15:05 | Marauder | |
155 | 15:07 | Medivac x2 | |
161 | 15:10 | Marine x4 | |
167 | 15:18 | Marine | |
167 | 15:19 | Marauder | |
173 | 15:25 | Liberator x2 | |
173 | 15:34 | Terran Ship Weapons Level 1 | |
163 | 15:52 | Liberator | |
163 | 15:53 | Marauder, Marine x3 | |
163 | 15:54 | Marauder | |
154 | 16:01 | Marine x3 | |
154 | 16:02 | Marauder | |
155 | 16:05 | Marine | |
155 | 16:06 | Marauder | |
155 | 16:08 | Liberator x2 | |
155 | 16:09 | Medivac | |
155 | 16:11 | Marine x3 | |
164 | 16:12 | Refinery x2 | |
164 | 16:13 | Missile Turret | |
164 | 16:15 | Marauder | |
168 | 16:21 | Marauder | |
168 | 16:22 | Liberator | |
173 | 16:26 | Marine | |
173 | 16:27 | Marauder, Marine | |
173 | 16:32 | Marauder, Marine | |
183 | 16:35 | Liberator | |
178 | 16:51 | Liberator | |
178 | 16:52 | Marauder, Marine | |
180 | 17:02 | Marauder | |
180 | 17:08 | Medivac | |
184 | 17:09 | Command Center | |
184 | 17:11 | Marine x2 | |
184 | 17:12 | Marauder | |
191 | 17:16 | Marauder, Marine | |
191 | 17:18 | Marauder, Marine | |
191 | 17:22 | Medivac | |
199 | 17:25 | Hi-Sec Auto Tracking, Structure Armor | |
199 | 17:28 | Sensor Tower, Ghost x2 | |
199 | 17:29 | Marine | |
197 | 17:35 | Medivac | |
187 | 17:37 | Ghost x2 | |
187 | 17:38 | Marine, Medivac | |
187 | 17:43 | Terran Ship Weapons Level 2 | |
194 | 17:47 | Ghost | |
194 | 17:48 | Marine | |
194 | 17:51 | Medivac | |
194 | 17:52 | Medivac | |
198 | 18:05 | Personal Cloaking | |
198 | 18:06 | Liberator | |
187 | 18:20 | Ghost | |
187 | 18:21 | Ghost x3 | |
191 | 18:48 | Liberator x4 | |
174 | 18:51 | Marauder, Marine x3 | |
174 | 18:52 | Marauder, Marine | |
171 | 18:59 | Marine | |
171 | 19:00 | Marauder, Marine x3 | |
183 | 19:12 | Marine | |
183 | 19:13 | Marauder | |
180 | 19:19 | Marauder, Marine | |
177 | 19:27 | Marine x2 | |
177 | 19:28 | Marauder, Marine | |
177 | 19:29 | Marauder | |
177 | 19:30 | Liberator | |
184 | 19:32 | Marauder, Marine | |
184 | 19:35 | Marauder, Marine | |
184 | 19:37 | Marine | |
191 | 19:41 | Marauder | |
191 | 19:45 | Marine | |
193 | 19:47 | Marine | |
193 | 19:49 | Marauder | |
200 | 19:53 | Planetary Fortress | |
200 | 19:56 | Command Center | |
200 | 20:08 | Terran Ship Weapons Level 3 | |
200 | 20:32 | Marine | |
200 | 20:33 | Marauder | |
200 | 20:44 | Ghost Academy | |
200 | 20:45 | Ghost Academy | |
200 | 20:47 | Nuke | |
200 | 20:52 | Liberator | |
191 | 21:05 | Marine | |
191 | 21:06 | Marauder | |
191 | 21:07 | Liberator | |
191 | 21:08 | Marine | |
191 | 21:09 | Marauder | |
197 | 21:22 | Marine | |
197 | 21:23 | Marauder, Marine | |
200 | 21:28 | Nuke x2 | |
190 | 21:40 | Marauder, Marine | |
193 | 21:48 | Marine x4 | |
193 | 21:49 | Marauder | |
193 | 21:52 | Nuke | |
197 | 21:55 | Marine | |
197 | 21:56 | Marauder | |
200 | 22:02 | Marine | |
200 | 22:05 | Liberator | |
191 | 22:22 | Marauder, Marine | |
197 | 22:26 | Starport, Marine, Command Center | |
197 | 22:27 | Marauder | |
197 | 22:28 | Barracks x2 | |
200 | 22:30 | Barracks | |
200 | 22:35 | Marine | |
200 | 22:36 | Marauder, Marine | |
199 | 22:46 | Liberator x2 | |
199 | 22:48 | Marine | |
199 | 22:50 | Liberator x3 | |
178 | 23:02 | Marine x2 | |
178 | 23:03 | Marauder | |
150 | 23:07 | Marauder, Marine x2 | |
150 | 23:10 | Marauder, Marine | |
163 | 23:14 | Marauder | |
164 | 23:22 | Marine x2 | |
164 | 23:24 | Marauder | |
166 | 23:28 | Marauder | |
166 | 23:29 | Marauder, Liberator x2 | |
166 | 23:33 | Liberator x3 | |
170 | 23:34 | Cyclone | |
170 | 23:38 | Marauder, Marine | |
176 | 23:44 | Marine x3 | |
176 | 23:45 | Marauder, Marine | |
176 | 23:46 | Marauder | |
190 | 23:51 | Marine | |
190 | 23:55 | Orbital Command | |
196 | 23:57 | Marine | |
196 | 23:58 | Marauder x2, Marine | |
193 | 24:12 | Liberator | |
193 | 24:23 | Marine | |
193 | 24:24 | Marauder | |
193 | 24:26 | Marauder, Marine | |
199 | 24:35 | Marine | |
199 | 24:36 | Command Center | |
197 | 24:39 | Ghost | |
199 | 24:56 | Medivac | |
199 | 24:57 | Medivac x2 | |
193 | 25:10 | Refinery | |
193 | 25:11 | Refinery | |
193 | 25:13 | Marauder, Sensor Tower, Marine x2 | |
197 | 25:16 | Marine | |
197 | 25:17 | Marauder | |
197 | 25:22 | Marine | |
197 | 25:23 | Marauder | |
192 | 25:29 | Marine | |